 Dungeon Crawl Stone Soup version 0.31-a0-876-gfe8ebadbca (webtiles) character file.

Game seed: 1483721258421838304

230 Iich the Trooper (level 5, -1/42 HPs)
             Began as a Demonspawn Fighter on Oct 13, 2023.
             Slain by a lemure (7 damage)
             ... led by Pikel
             ... on level 4 of the Dungeon.
             The game lasted 00:04:43 (2827 turns).

Iich the Trooper (Demonspawn Fighter)               Turns: 2827, Time: 00:04:43

Health: -1/42      AC: 10    Str: 16    XL:     5   Next: 72%
Magic:  5/5        EV:  9    Int:  9    God:
Gold:   147        SH:  5    Dex: 15    Spells: 4/4 levels left

rFire   . . .        a - +0 war axe
rCold   . . .        c - +0 buckler
rNeg    . . .        b - +0 scale mail
rPois   .            (no helmet)
rElec   .            v - +2 cloak {Stlth+}
rCorr   .            (no gloves)
SInv    .            u - +0 pair of boots
Will    .....        (no amulet)
Stlth   +            p - ring of flight
HPRegen 0.27/turn    (no ring)
MPRegen 0.18/turn

%: no passive effects
@: flying
A: claws 1, demonic guardian 1, magic regeneration
a: no special abilities


You were on level 4 of the Dungeon.
You visited 1 branch of the dungeon, and saw 4 of its levels.

You collected 147 gold pieces.

Inventory:

Hand Weapons
 a - a +0 war axe (weapon)
Armour
 b - a +0 scale mail (worn)
 c - a +0 buckler (worn)
 u - a +0 pair of boots (worn)
 v - a +2 cloak of stealth (worn)
Jewellery
 p - a ring of flight (left claw)
Talismans
 f - a blade talisman
Scrolls
 j - a scroll of vulnerability
 k - a scroll of enchant weapon {unknown}
 n - a scroll of fear {unknown}
 o - a scroll of revelation
 r - a scroll of poison {unknown}
 s - a scroll of butterflies {unknown}
 t - a scroll of teleportation
Potions
 d - a potion of might
 e - a potion of attraction
 g - 2 potions of brilliance
 h - a potion of berserk rage {unknown}
 i - 2 potions of lignification {unknown}
 l - 2 potions of heal wounds
 m - 3 potions of magic {unknown}
 q - 3 potions of curing


   Skills:
 + Level 3.9 Fighting
 * Level 3.6 Axes
 - Level 2.6 Armour
 + Level 2.0 Dodging
 + Level 3.5 Shields


You had 4 spell levels left.
You didn't know any spells.
Your spell library contained the following spells:

 Spells                   Type           Power      Damage    Failure   Level
 Foxfire                  Conj/Fire      0%         2x1d4     88%         1


Dungeon Overview and Level Annotations

Branches:
Dungeon (4/15)
 Temple: D:4-7

Altars:

Shops:
D:1 !([

Annotations:
D:4 Pikel


Innate Abilities, Weirdness & Mutations

You have sharp fingernails.
A weak demonic guardian rushes to your aid.
You regenerate magic rapidly.


Message History

The lemure barely misses you.
You barely miss the lemure.
The lemure is severely wounded.
You closely miss the lemure. The lemure barely misses you. The lemure hits you.
You take 5 damage, and have 33/42 hp.
The lemure hits you. The lemure hits you but does no damage.
You take 1 damage, and have 32/42 hp.
You closely miss Pikel. You closely miss the lemure.
You completely miss the lemure. The lemure hits you.
* * * LOW HITPOINT WARNING * * *
Pikel closely misses you. The lemure hits you.
* * * LOW HITPOINT WARNING * * *
Pikel waves his whip at you. You block Pikel's attack. The lemure hits you.
* * * LOW HITPOINT WARNING * * *
You take 8 damage, and have 24/42 hp.
You miss Pikel. You hit the lemure but do no damage. You hit the lemure.
You barely miss the lemure. The lemure closely misses you.
A lemure comes into view.
The lemure hits you.
* * * LOW HITPOINT WARNING * * *
The lemure hits you.
* * * LOW HITPOINT WARNING * * *
Pikel hits you with a +2 whip of freezing!
* * * LOW HITPOINT WARNING * * *
Pikel freezes you.
* * * LOW HITPOINT WARNING * * *
The lemure shouts!
You hit Pikel.
Pikel is lightly wounded.
You slash the lemure!
You kill the lemure!
That felt strangely unrewarding.
You hit the lemure. x2
You block the lemure's attack.
Pikel hits you with a +2 whip of freezing.
* * * LOW HITPOINT WARNING * * *
A demonic guardian appears!
Pikel freezes you.
* * * LOW HITPOINT WARNING * * *
The lemure hits you!
You die...

##.####.####.)..#...
..................#
#######.###.......#
#.# #.......#
###.####......#
#.......(...#.#
#........#.##.#
#........####.#
#.....5@......##
#.....55K......#
#..............#
#..............#
#..............#
#........#.#####
##########5. ....
.#..


You could see Pikel, 3 lemures and a friendly shadow imp (summoned).

Vanquished Creatures
  A lemure (D:4)
  Crazy Yiuf (D:3)
  2 orc wizards (D:3)
  Terence (D:2)
  5 adders
  A gnoll (D:1)
  2 dart slugs (D:1)
  2 orcs (D:4)
  4 ball pythons
  9 bats
  4 endoplasms
  5 giant cockroaches
  6 goblins
  5 hobgoblins
  7 jackals
  3 quokkas
  A frilled lizard (D:2)
  5 kobolds
  3 rats
67 creatures vanquished.

Notes
Turn   | Place    | Note
-------+----------+-------------------------------------------
     0 | D:1      | Iich the Demonspawn Fighter began the quest for the Orb.
     0 | D:1      | Reached XP level 1. HP: 18/18 MP: 1/1
    33 | D:1      | Gained mutation: You have sharp fingernails. [demonic
                  | ancestry]
    33 | D:1      | Reached XP level 2. HP: 16/24 MP: 2/2
   185 | D:1      | Found Ijotien's Distillery.
   204 | D:1      | Found Upadet's Weapon Shoppe.
   253 | D:1      | Found Lihegh's Armour Shoppe.
   317 | D:1      | Reached XP level 3. HP: 28/29 MP: 3/3
   342 | D:1      | Found a faded altar of an unknown god.
   373 | D:1      | Got a curious book
   426 | D:1      | Reached skill level 1 in Dodging
   800 | D:2      | Noticed Terence
   810 | D:2      | Killed Terence
   811 | D:2      | Gained mutation: You regenerate magic rapidly. [demonic
                  | ancestry]
   811 | D:2      | Reached XP level 4. HP: 35/35 MP: 4/4
  1817 | D:3      | Found a runed translucent door.
  1901 | D:2      | Gained mutation: A weak demonic guardian rushes to your
                  | aid. [demonic ancestry]
  1901 | D:2      | Reached XP level 5. HP: 42/42 MP: 5/5
  2103 | D:3      | Noticed Crazy Yiuf
  2373 | D:3      | Killed Crazy Yiuf
  2811 | D:4      | Noticed a lemure
  2811 | D:4      | Noticed a lemure
  2820 | D:4      | Noticed Pikel
  2821 | D:4      | Noticed a lemure
  2826 | D:4      | Noticed a lemure
  2827 | D:4      | Killed a lemure
  2827 | D:4      | Slain by a lemure

Illustrated notes

Levels and vault maps discovered:
D:1:      dpeg_arrival_lava_temple_mockup, layout_rooms,
          shapermc_ecumenical_altar_rom_forum, serial_shops,
          nicolae_diamond_shop, shop, nicolae_shop_stone
D:2:      layout_basic, uniq_terence
D:3:      layout_loops_ring, uniq_crazy_yiuf_cottage
D:4:      nicolae_BIG_FREAKIN_CUBE, layout_basic, serial_rivers,
          chequers_serial_rivers_room_b, chequers_serial_rivers_micro_a,
          chequers_serial_rivers_small_b, chequers_serial_rivers_room_a,
          uniq_pikel

Skill      XL: |  1  2  3  4  5 |
---------------+----------------+-----
Axes           | 2 3 |  3.6
Shields        | 3 |  3.5
Dodging        | 1 2 |  2.0
Fighting       | |  3.9
Armour         | |  2.6

Action                     |  1- 3 |  4- 6 || total
---------------------------+-------+-------++-------
  Melee: War axe           |    93 |   138 ||   231
    Use: Potion            |     4 |       ||     4
         Scroll            |       |     3 ||     3
 Armour: Scale mail        |    74 |   138 ||   212
  Dodge: Dodged            |    53 |    77 ||   130
  Block: Buckler           |    33 |    43 ||    76

Table legend: (Time is in decaauts)
 A = Elapsed time spent in this place.
 B = Non-inter-level travel time spent in this place.
 C = Inter-level travel time spent in this place.
 D = Time resting spent in this place.
 E = Time spent auto-exploring this place.
 F = Levels seen in this place.
 G = Mean time per level.
                   A        B        C        D        E       F      G
               +--------+--------+--------+--------+--------+-----+--------+
         Total |   2922 |   2704 |    218 |    307 |   1841 |   4 |  730.5 |
       Dungeon |   2922 |   2704 |    218 |    307 |   1841 |   4 |  730.5 |
               +--------+--------+--------+--------+--------+-----+--------+

Top non-repeatable levels by time:
     D:3: 1386 daAuts
     D:2: 764 daAuts
     D:1: 723 daAuts
     D:4: 48 daAuts
